 Dungeon Sprint DCSS version 0.32-a0-814-g0968bab981 (webtiles) character file.

Game seed: 7090106679090722627

26058 BigDaddyOpFi the End of an Era (level 13, -18/178 HPs)
             Began as a Coglin Monk on Mar 22, 2024.
             Was the Champion of Qazlal.
             Demolished by a naga warrior
             ... wielding a +0 battleaxe
              (21 damage)
             ... in the Dungeon (Sprint VII: "The Pits").
             The game lasted 00:06:51 (3594 turns).

BigDaddyOpFi the End of an Era (Coglin Monk)        Turns: 3594, Time: 00:06:52

Health: -18/178    AC: 19    Str: 16    XL:     13   Next: 23%
Magic:  4/25       EV:  8    Int: 10    God:    Qazlal [******]
Gold:   38         SH:  8    Dex: 17    Spells: 12/12 levels left

rFire   . . .        I - +11 short sword "Robraot" {spect, rElec rC+}
rCold   + . .        w - +3 broad axe (heavy) {Friedl}
rNeg    . . .        p - +4 plate armour
rPois   .            v - +0 helmet
rElec   +            r - +0 cloak
rCorr   .            (no gloves)
SInv    .            (no boots)
Will    .....        (amulet unavailable) Stlth
                     (ring unavailable)
HPRegen 0.49/turn    (ring unavailable)
MPRegen 0.19/turn    (no gizmo)

%: no teleportation, repel missiles
@: berserking (expiring), lethally poisoned (-18 -> -32), protected from
physical damage, revved, very quick
A: off-hand wielding, slow wielding, warmup strikes, no jewellery
a: Invent Gizmo, Renounce Religion, Upheaval, Elemental Force, Disaster Area


You were in the Dungeon.
You worshipped Qazlal.
Qazlal was exalted by your worship.
You visited 1 branch You collected 38 gold pieces.

Inventory:

Hand Weapons
 a - a +0 hand axe {Somchit}
 o - a +2 hand axe of holy wrath {Fusazane}
 q - a +1 heavy hand axe {Qing}
 w - a +3 heavy broad axe (offhand) {Friedl}
 I - the +11 short sword "Robraot" (weapon) {spect, rElec rC+}
   (You found it in the Dungeon)

   rC+:       It protects you from cold.
   rElec:     It insulates you from electricity.
Armour
 b - a +0 robe
 d - an orb of light
 p - a +4 plate armour (worn)
 r - a +0 cloak (worn)
 u - a +0 cloak
 v - a +0 helmet (worn)
 J - a +0 pair of gloves
 K - a +0 helmet
Jewellery
 s - a +3 ring of strength
 t - a +3 ring of protection
Scrolls
 i - 2 scrolls of fog
 j - a scroll of blinking
 l - 2 scrolls of vulnerability
 m - 5 scrolls of amnesia
 n - a scroll of butterflies
 y - a scroll of fear
 A - 2 scrolls of identify
Potions
 c - a potion of ambrosia
 e - 6 potions of curing
 f - 2 potions of heal wounds
 g - 4 potions of haste
 h - 4 potions of magic
 k - a potion of invisibility
 x - 2 potions of might
 z - a potion of resistance
 B - 2 potions of brilliance
 F - a potion of mutation
 G - 2 potions of enlightenment
 H - a potion of cancellation


   Skills:
 + Level 16.4 Fighting
 + Level 16.4 Axes
 + Level 15.1 Dodging
 * Level 17.5 Invocations


You had 12 spell levels left.
You didn't know any spells.
Your spell library contained the following spells:

 Spells                   Type           Power      Damage    Failure   Level
 Magic Dart               Conj           0%         1d3       100%        1
 Searing Ray              Conj           0%         2d4       100%        2
 Fulminant Prism          Conj/Alch      0%         3d5       100%        4


Dungeon Overview and Level Annotations

Branches:
Dungeon (1/1)

Altars:
Ashenzari
Cheibriados
Dithmenos
Elyvilon
Fedhas
Gozag
Hepliaklqana
Kikubaaqudgha
Makhleb
Nemelex Xobeh
Okawaru
Qazlal
Ru
Sif Muna
Trog
Uskayaw
Vehumet
Wu Jian
Xom
Yredelemnul
Zin
The Shining One
Beogh
Jiyva
Lugonu


Innate Abilities, Weirdness & Mutations

You can wield a second weapon in your off-hand.
It takes a long time for you to wield or remove held weapons.
Your first few attacks do less damage.
You cannot equip rings or amulets.


Message History

You feel more protected from physical attacks.
You chop the orc knight into pieces with your +3 heavy broad axe!!!
You kill the orc knight!
Qazlal accepts your kill.
Your +11 short sword "Robraot" {spect, rElec rC+} disappears.
You feel sick.
You feel sick.
The naga warrior hits you with a +0 battleaxe!!
* * * LOW HITPOINT WARNING * * *
The naga warrior closely misses you.
Things that are here:
a +0 battleaxe; a +0 plate armour; a human corpse You puncture the naga warrior with the +11 short sword "Robraot"!
The naga warrior is lightly wounded.
You slice the naga warrior like a ripe choko with your +3 heavy broad axe!!!
Your +11 short sword "Robraot" {spect, rElec rC+} hits the naga warrior.
You feel sick.
You puncture the naga warrior with the +11 short sword "Robraot"!
The naga warrior is severely wounded.
You completely miss the naga warrior with your +3 heavy broad axe.
You slice the naga warrior with your +3 heavy broad axe!!
Your +11 short sword "Robraot" {spect, rElec rC+} barely misses the naga warrior.
You feel sick. The naga warrior barely misses you.
The naga warrior hits your +11 short sword "Robraot" {spect, rElec rC+} with a +0 battleaxe!
Your spectral weapon shares its damage with you!
* * * LOW HITPOINT WARNING * * *
You block the naga warrior's attack.
You chop the naga warrior into pieces with your +3 heavy broad axe!!!
The naga warrior is severely wounded.
You hit the naga warrior with your +3 heavy broad axe.
You hit the naga warrior with the +11 short sword "Robraot".
Your +11 short sword "Robraot" {spect, rElec rC+} hits the naga warrior but does no damage.
* * * LOW HITPOINT WARNING * * *
You feel sick.
The naga warrior is engulfed in freezing vapours.
The naga warrior spits poison at you.
The splash of poison hits you but does no damage.
You are more poisoned.
The naga warrior hits you with a +0 battleaxe!!
You die...

..# ..+ ..+ ''#
''###############################
.....)........○°......[..........
..................°..............
).##############)§##############÷
.)# #..°@(.).# #. ..# #...NN☼).#
#. ..# ####).#### #. ..#
#...)†...# #. ..# N.....)).......
#. ..# ...#....[[).#.p #. ..# ##
####..#### # #. ..# #### #. ..#
#.


You could see 2 naga warriors and a friendly +11 short sword "Robraot" {spect,
rElec rC+}.

Vanquished Creatures
  Rupert (D)
  A nagaraja (D)
  A ghost moth (D)
  2 orc warlords (D)
  A vampire knight (D)
  A white draconian (D)
  A great orb of eyes (D)
  A vault guard (D)
  An alligator (D)
  A rakshasa (D)
  Erica (D)
  A naga warrior (D)
  A naga sharpshooter (D)
  A sun demon (D)
  A shadow wraith (D)
  A cherub (D)
  A swamp dragon (D)
  A sea snake (D)
  A lindwurm (D)
  A deep elf pyromancer (D)
  10 orc knights (D)
  A cyclops (D)
  An ugly thing (D)
  An elephant (D)
  A black mamba (D)
  An orange demon (D)
  A naga mage (D)
  A guardian serpent (D)
  A freezing wraith (D)
  2 komodo dragons (D)
  A guardian mummy (D)
  A hornet (D)
  A polar bear (D)
  3 blink frogs (D)
  2 glass eyes (D)
  An air elemental (D)
  3 yaks (D)
  A yak (shapeshifter) (D)
  A fire elemental (D)
  A steam dragon (D)
  A neqoxec (D)
  2 basilisks (D)
  3 redbacks (D)
  Edmund (D)
  A swamp drake (D)
  Blork the orc (D)
  A brain worm (D)
  A weeping skull (D)
  2 bullfrogs (D)
  2 scorpions (D)
  3 wights (D)
  3 killer bees (D)
  A hound (D)
  2 quasits (D)
  3 orc priests (D)
  Crazy Yiuf (D)
  2 iguanas (D)
  Terence (D)
  2 orc wizards (D)
  2 mummies (D)
  A gnoll (D)
  2 adders (D)
  A white imp (D)
  An adder simulacrum (D)
  2 orcs (D)
  A bat skeleton (D)
  A giant cockroach (D)
  4 ball pythons (D)
  A bat (D)
  A jackal skeleton (D)
  A kobold (D)
107 creatures vanquished.

Vanquished Creatures (others)
  A black mamba (D)
  A glass eye (D)
  4 spectral weapons (D)
6 creatures vanquished.

Grand Total: 113 creatures vanquished

Notes
Turn   | Place    | Note
-------+----------+-------------------------------------------
     0 | D        | BigDaddyOpFi the Coglin Monk began the quest for the Orb.
     0 | D        | Reached XP level 1. HP: 18/18 MP: 1/1
     9 | D        | Noticed a glass eye
    31 | D        | Killed a glass eye
    32 | D        | Reached XP level 2. HP: 31/31 MP: 2/2
    32 | D        | Reached XP level 3. HP: 36/36 MP: 3/3
    32 | D        | Reached XP level 4. HP: 43/43 MP: 4/4
    32 | D        | Reached XP level 5. HP: 48/48 MP: 5/5
    35 | D        | Found a bloodstained altar of Trog.
    35 | D        | Found a shimmering blue altar of Sif Muna.
    35 | D        | Found a viscous altar of Jiyva.
    35 | D        | Found a hazy altar of Hepliaklqana.
    35 | D        | Found an opulent altar of Gozag.
    36 | D        | Found a glowing golden altar of the Shining One.
    36 | D        | Found a glowing silver altar of Zin.
    36 | D        | Found a basalt altar of Yredelemnul.
    36 | D        | Found a shimmering altar of Xom.
    36 | D        | Found an ornate altar of the Wu Jian Council.
    36 | D        | Found a sacrificial altar of Ru.
    36 | D        | Found a stormy altar of Qazlal.
    36 | D        | Found an iron altar of Okawaru.
    36 | D        | Found a sparkling altar of Nemelex Xobeh.
    36 | D        | Found a burning altar of Makhleb.
    36 | D        | Found a blossoming altar of Fedhas.
    36 | D        | Found a white marble altar of Elyvilon.
    36 | D        | Found a shadowy altar of Dithmenos.
    36 | D        | Found a snail-covered altar of Cheibriados.
    37 | D        | Found a radiant altar of Vehumet.
    37 | D        | Found a corrupted altar of Lugonu.
    37 | D        | Found a roughly hewn altar of Beogh.
    39 | D        | Found an ancient bone altar of Kikubaaqudgha.
    39 | D        | Found a hide-covered altar of Uskayaw.
    39 | D        | Found a broken altar of Ashenzari.
    42 | D        | Became a worshipper of Qazlal Stormbringer
    42 | D        | Reached * piety under Qazlal
    42 | D        | Reached ** piety under Qazlal
   106 | D        | Reached skill level 2 in Invocations
   106 | D        | Reached XP level 6. HP: 36/55 MP: 5/7
   276 | D        | Reached *** piety under Qazlal
   280 | D        | Reached skill level 3 in Invocations
   291 | D        | Reached skill level 4 in Invocations
   531 | D        | Reached **** piety under Qazlal
   538 | D        | Reached XP level 7. HP: 60/63 MP: 7/10
   540 | D        | Reached skill level 5 in Invocations
   543 | D        | Reached ***** piety under Qazlal
   555 | D        | Reached skill level 6 in Invocations
   629 | D        | Noticed Crazy Yiuf
   631 | D        | Killed Crazy Yiuf
   645 | D        | Noticed Erica
   651 | D        | Killed Erica
   652 | D        | Reached skill level 7 in Invocations
   652 | D        | Reached XP level 8. HP: 44/72 MP: 11/13
  1100 | D        | Noticed a lindwurm
  1100 | D        | Noticed a hornet
  1103 | D        | Killed a hornet
  1103 | D        | Reached ****** piety under Qazlal
  1104 | D        | Reached skill level 10 in Fighting
  1104 | D        | Reached skill level 10 in Axes
  1104 | D        | Reached skill level 8 in Invocations
  1106 | D        | Killed a lindwurm
  1107 | D        | Reached skill level 9 in Invocations
  1107 | D        | Reached XP level 9. HP: 79/79 MP: 13/15
  1276 | D        | Noticed Edmund
  1276 | D        | Noticed a komodo dragon
  1282 | D        | Reached skill level 10 in Dodging
  1286 | D        | Killed Edmund
  1286 | D        | Killed a komodo dragon
  1287 | D        | Reached skill level 10 in Invocations
  1359 | D        | Noticed a deep elf pyromancer
  1362 | D        | Noticed a swamp dragon
  1371 | D        | Killed a swamp dragon
  1372 | D        | Reached XP level 10. HP: 74/88 MP: 16/18
  1384 | D        | Killed a deep elf pyromancer
  1385 | D        | Reached skill level 11 in Invocations
  1391 | D        | Noticed Blork the orc
  1393 | D        | Killed Blork the orc
  1402 | D        | Noticed an orange demon
  1408 | D        | Killed an orange demon
  1426 | D        | Noticed a sea snake
  1435 | D        | Killed a sea snake
  1767 | D        | Reached skill level 12 in Invocations
  1774 | D        | Noticed a black mamba
  1778 | D        | Killed a black mamba
  2089 | D        | Noticed a sun demon
  2089 | D        | Noticed Terence
  2089 | D        | Noticed a black mamba
  2093 | D        | Killed a black mamba
  2093 | D        | Noticed a cyclops
  2098 | D        | Reached XP level 11. HP: 85/97 MP: 20/20
  2101 | D        | Killed a sun demon
  2103 | D        | Killed a shadow wraith
  2104 | D        | Reached skill level 13 in Invocations
  2105 | D        | Killed Terence
  2106 | D        | Killed a cyclops
  2514 | D        | Got the +11 short sword "Robraot" {spect, rElec rC+}
  2655 | D        | Noticed a vampire knight
  2663 | D        | HP: 4/99 [guardian serpent (7)]
  2663 | D        | HP: 1/99 [vampire knight/+1 long sword (3)]
  2666 | D        | Reached skill level 14 in Invocations
  2668 | D        | Killed a vampire knight
  2902 | D        | Noticed an orc knight
  2908 | D        | Killed an orc knight
  2937 | D        | Paralysed by an air elemental for 1 turns
  2942 | D        | Noticed a rakshasa
  2950 | D        | Killed a rakshasa
  3002 | D        | Noticed a green ugly thing
  3006 | D        | Killed a green ugly thing
  3064 | D        | Noticed a great orb of eyes
  3064 | D        | Noticed a ghost moth
  3064 | D        | Noticed a white draconian
  3064 | D        | Noticed a cherub
  3064 | D        | Noticed a nagaraja
  3064 | D        | Noticed Rupert
  3064 | D        | Noticed an alligator
  3065 | D        | Killed a nagaraja
  3065 | D        | Killed a great orb of eyes
  3065 | D        | Killed a cherub
  3065 | D        | Killed an alligator
  3065 | D        | Killed Rupert
  3066 | D        | Reached skill level 15 in Fighting
  3066 | D        | Reached skill level 15 in Axes
  3066 | D        | Reached skill level 15 in Invocations
  3066 | D        | Reached XP level 12. HP: 106/109 MP: 4/23
  3066 | D        | Killed a white draconian
  3069 | D        | Killed a ghost moth
  3070 | D        | Reached skill level 16 in Invocations
  3565 | D        | Noticed a naga warrior
  3565 | D        | Noticed a naga sharpshooter
  3565 | D        | Noticed an orc warlord
  3565 | D        | Noticed an orc warlord
  3567 | D        | Killed an orc warlord
  3567 | D        | Killed a naga sharpshooter
  3567 | D        | Killed a naga warrior
  3568 | D        | Reached skill level 17 in Invocations
  3568 | D        | Reached XP level 13. HP: 77/117 MP: 8/25
  3573 | D        | Killed an orc warlord
  3575 | D        | Noticed a vault guard
  3585 | D        | Reached skill level 15 in Dodging
  3588 | D        | Killed a vault guard
  3593 | D        | HP: 4/178 [naga warrior/+0 battleaxe (7)]
  3594 | D        | Demolished by a naga warrior

Illustrated notes

Levels and vault maps discovered:
D:        pitsprint [storerooms_1, entrance_room_1, metal_vault_7, armoury_2,
          mini_pit_1, grid_room_1, main_hall_1, silver_pit, the_coven_1,
          the_vestibule_1, steel_vault_5, golden_pit, hallway_of_sentries,
          crystal_vault_3, iron_vault_3, final_vault]

Skill      XL: |  1  2  3  4  5  6  7  8  9 10 11 12 13 |
---------------+----------------------------------------+-----
Fighting       | 7 8 9 10 11 12 15 16 | 16.4
Axes           | 7 8 9 10 11 12 15 16 | 16.4
Dodging        | 6 7 9 10 11 13 14 15 | 15.1
Invocations    | 2 4 7 9 10 12 15 17 | 17.5

Action                     |  1- 3 |  4- 6 |  7- 9 | 10-12 | 13-15 || total
---------------------------+-------+-------+-------+-------+-------++-------
  Melee: Hand axe          |    21 |    69 |    72 |    39 |       ||   201
         Broad axe         |       |       |    16 |    92 |    16 ||   124
         Short sword       |       |       |       |    44 |    12 ||    56
 Invoke: Disaster Area     |       |       |       |     3 |     1 ||     4
         Upheaval          |       |       |       |     1 |       ||     1
    Use: Potion            |       |     1 |     7 |     9 |     3 ||    20
         Scroll            |       |       |       |     4 |     1 ||     5
   Stab: Invisible         |       |       |       |     5 |       ||     5
 Armour: Robe              |       |    14 |       |       |       ||    14
         Plate armour      |       |     6 |    53 |   116 |    12 ||   187
  Dodge: Dodged            |       |    18 |    12 |    38 |     3 ||    71
         Repelled          |       |       |     1 |     3 |       ||     4
  Block: Other             |       |     4 |    15 |    30 |     4 ||    53

Table legend: (Time is in decaauts)
 A = Elapsed time spent in this place.
 B = Non-inter-level travel time spent in this place.
 C = Inter-level travel time spent in this place.
 D = Time resting spent in this place.
 E = Time spent auto-exploring this place.
 F = Levels seen in this place.
 G = Mean time per level.
                   A        B        C        D        E       F      G
               +--------+--------+--------+--------+--------+-----+--------+
         Total |   3663 |   3645 |     18 |   2565 |     80 |   1 | 3663.0 |
       Dungeon |   3663 |   3645 |     18 |   2565 |     80 |   1 | 3663.0 |
               +--------+--------+--------+--------+--------+-----+--------+

Top non-repeatable levels by time:
       D: 3663 daAuts
